 Dungeon Crawl Stone Soup version 0.31-a0-799-g6bc09d010c (webtiles) character file.

Game seed: 7896929895058321744

5432 GordonOverkill the Thaumaturge (level 10, -2/60 HPs)
             Began as a Deep Elf Delver on Sept 19, 2023.
             Was a Believer of Sif Muna.
             Hit by a stone thrown by a gnoll sergeant (9 damage)
             ... on level 8 of the Dungeon.
             The game lasted 00:22:52 (10040 turns).

GordonOverkill the Thaumaturge (Deep Elf Delver)   Turns: 10040, Time: 00:22:53

Health: -2/60      AC:  6    Str:  9    XL:     10   Next: 40%
Magic:  26/26      EV: 33    Int: 20    God:    Sif Muna [**....]
Gold:   343        SH:  0    Dex: 16    Spells: 28/29 levels left

rFire   . . .        G - +1 short sword (venom)
rCold   + . .        (no shield)
rNeg    . . .        H - +2 robe {rC+}
rPois   +            l - +2 hat {SInv}
rElec   .            (no cloak)
rCorr   .            (no gloves)
SInv    +            (no boots)
Will    +....        m - amulet of the acrobat
Stlth   +++          h - +5 ring of evasion
HPRegen 0.30/turn    a - ring of poison resistance
MPRegen 0.20/turn

%: acrobat
@: acrobatic
A: no striking features
a: Renounce Religion, Channel Magic


You were on level 8 of the Dungeon.
You worshipped Sif Muna.
Sif Muna was pleased with you.
You visited 1 branch of the dungeon, and saw 8 of its levels.

You collected 418 gold pieces.
You spent 75 gold pieces at shops.

Inventory:

Hand Weapons
 o - a +2 short sword of freezing
 G - a +1 short sword of venom (weapon)
Missiles
 i - 7 throwing nets
 n - 9 poisoned darts (quivered)
 q - 2 silver javelins
 z - 11 boomerangs
 C - 4 curare-tipped darts
Armour
 j - a +0 kite shield
 l - a +2 hat of see invisible (worn)
 H - a +2 robe of cold resistance (worn)
Jewellery
 a - a ring of poison resistance (right hand)
 h - a +5 ring of evasion (left hand)
 m - an amulet of the acrobat (around neck)
 t - a ring of positive energy
 v - a +5 ring of evasion
 x - a ring of fire
 B - a ring of willpower
Wands
 b - a wand of flame (1)
 g - a wand of digging (2)
 I - a wand of iceblast (6)
Scrolls
 c - 3 scrolls of fog
 d - 2 scrolls of revelation
 p - a scroll of amnesia {unknown}
 s - a scroll of vulnerability
 u - 4 scrolls of teleportation
 y - a scroll of immolation
Potions
 f - a potion of haste
 k - 2 potions of lignification
 r - 3 potions of curing
 w - a potion of enlightenment
 A - a potion of attraction
 D - a potion of cancellation
 E - a potion of mutation {unknown}
 F - 2 potions of heal wounds {unknown}


   Skills:
 - Level 6.0 Fighting
 - Level 3.0 Short Blades
 - Level 2.0 Throwing
 - Level 3.0 Dodging
 - Level 6.0 Stealth
 - Level 10.0 Spellcasting
 - Level 10.0 Conjurations
 - Level 2.0 Translocations
 - Level 5.0 Invocations
 + Level 4.4 Evocations


You had 28 spell levels left.
You knew the following spells:

 Your Spells              Type           Power      Damage    Failure   Level
a - Apportation           Tloc           36%        N/A       3%          1

Your spell library contained the following spells:

 Spells                   Type           Power      Damage    Failure   Level
 Necrotise                Necr           40%        1d6       7%          1
 Summon Small Mammal      Summ           40%        N/A       7%          1


Dungeon Overview and Level Annotations

Branches:
Dungeon (8/15)             Temple (0/1) D:7
   Lair: D:8-11

Altars:
Elyvilon
Hepliaklqana
Makhleb
Nemelex Xobeh
Ru
Sif Muna
Vehumet
Wu Jian
Yredelemnul

Shops:
D:8 ??

Annotations:
D:6 2 transporters, Heedrag's ghost, novice GrEE
D:7 2 runed translucent doors, Crazy Yiuf; Opifex's ghost, novice DrCK
D:8 1 runed translucent door


Message History

The gnoll attacks as it pursues you! The gnoll completely misses you.
The gnoll sergeant attacks as it pursues you!
The gnoll sergeant hits you from afar with a +0 spear.
* * * LOW HITPOINT WARNING * * *
The gnoll sergeant attacks as it pursues you!
The gnoll sergeant barely misses you.
You hit the gnoll.
The gnoll is moderately wounded.
The gnoll closely misses you. The gnoll sergeant closely misses you.
You closely miss the gnoll.
The gnoll is moderately wounded.
The gnoll closely misses you.
You hit the gnoll.
The gnoll is heavily wounded.
You kill the gnoll!
Sif Muna accepts your kill.
The gnoll sergeant completely misses you.
The gnoll closely misses you.
You completely miss the gnoll.
The gnoll is heavily wounded.
The gnoll sergeant hits you from afar with a +0 spear.
* * * LOW HITPOINT WARNING * * *
You hit the gnoll but do no damage.
The gnoll is heavily wounded.
The gnoll hits you with a +0 whip.
* * * LOW HITPOINT WARNING * * *
The gnoll sergeant hits you from afar with a +0 spear!
* * * LOW HITPOINT WARNING * * *
You hit the gnoll but do no damage.
The gnoll is poisoned.
The gnoll is heavily wounded.
The gnoll barely misses you.
The gnoll sergeant hits you from afar with a +0 spear!
* * * LOW HITPOINT WARNING * * *
Blink to where?
Press: ? - help, Dir - move target
As you read the scroll of blinking, it crumbles to dust.
You kill the gnoll!
Sif Muna accepts your kill.
The gnoll sergeant throws a stone.
The stone hits you!
You die...

################# ###
#.......#.......# .. .
############.#.#.#.#.#.#.#.#.#.#.
..........hg)...@..............o.
........#..############'#########
######..#### #. #.....#####..
##g# #.# ##....##.#... #g# #.#
#....#...... #(#
#.######.........[. #h#
#.#..#.#....>...... .......)#
#.#................ ........#
#.##....##'##.)....


You could see a gnoll sergeant and a jackal.

Vanquished Creatures
  A two-headed ogre (D:7)
  A boulder beetle (D:8)
  An ugly thing (D:8)
  Joseph (D:7)
  A vampire mosquito (D:7)
  4 water moccasins
  2 black bears
  2 orc warriors
  An ice beast (D:5)
  2 centaurs (D:7)
  2 phantoms
  A kobold brigand (D:7)
  4 bullfrogs
  2 gnoll sergeants (D:8)
  A necrophage (D:4)
  A scorpion (D:6)
  4 wights (D:4)
  4 killer bees (D:8)
  A howler monkey (D:8)
  A crimson imp (D:7)
  A bullfrog zombie (D:4)
  9 hounds
  A human zombie (D:4)
  3 orc priests
  4 gnoll boudas
  3 jellies
  A sleepcap (D:7)
  2 iguanas (D:6)
  Terence (D:3)
  3 orc wizards
  3 mummies (D:4)
  26 gnolls
  4 adders
  A shadow imp (D:7)
  A white imp (D:8)
  2 ufetubi
  2 adder zombies (D:4)
  A worm (D:2)
  3 dart slugs
  19 orcs
  5 ball pythons
  4 endoplasms
  3 giant cockroaches
  10 goblins
  2 hobgoblins
  8 jackals
  7 kobolds
  A quokka (D:4)
  2 bats (D:1)
  5 frilled lizards
  5 rats
179 creatures vanquished.

Notes
Turn   | Place    | Note
-------+----------+-------------------------------------------
     0 | D:5      | GordonOverkill the Deep Elf Delver began the quest for the
                  | Orb.
     0 | D:5      | Reached XP level 1. HP: 13/13 MP: 3/3
     5 | D:6      | Noticed a hound
    28 | D:5      | Noticed an ice beast
    65 | D:5      | Reached XP level 2. HP: 17/19 MP: 4/4
   241 | D:7      | Reached XP level 3. HP: 16/23 MP: 5/5
   259 | D:7      | Noticed a centaur
   487 | D:6      | Found a transporter.
   599 | D:5      | Reached skill level 1 in Conjurations
   599 | D:5      | Reached XP level 4. HP: 18/28 MP: 8/10
   754 | D:4      | Noticed a phantom
   815 | D:4      | Noticed a black bear
  1091 | D:3      | Found a sparkling altar of Nemelex Xobeh.
  1170 | D:2      | Reached XP level 5. HP: 31/32 MP: 11/11
  1492 | D:1      | Reached skill level 1 in Evocations
  2191 | D:2      | Found a faded altar of an unknown god.
  3625 | D:3      | Noticed Terence
  3632 | D:3      | Killed Terence
  3883 | D:3      | Killed a phantom
  3884 | D:3      | Reached XP level 6. HP: 12/37 MP: 12/15
  4081 | D:4      | Reached skill level 5 in Spellcasting
  4164 | D:4      | Learned a level 1 spell: Apportation
  4269 | D:4      | Reached XP level 7. HP: 41/41 MP: 18/18
  4297 | D:4      | Reached skill level 5 in Conjurations
  4327 | D:4      | Found a basalt altar of Yredelemnul.
  4623 | D:4      | Found an ornate altar of the Wu Jian Council.
  5067 | D:5      | Found a hazy altar of Hepliaklqana.
  5117 | D:5      | Reached XP level 8. HP: 34/46 MP: 18/20
  5371 | D:6      | Noticed Heedrag's ghost (novice GrEE)
  5380 | D:6      | Identified the +6 great mace of Jemopnoe {freeze, rPois
                  | Int+3}
  5380 | D:6      | Identified the +2 dire flail of the Whelk {flame, Dex+2}
  5380 | D:6      | Noticed a two-headed ogre
  5728 | D:6      | Found a transporter.
  6140 | D:6      | Reached skill level 10 in Spellcasting
  6202 | D:6      | Found a shimmering blue altar of Sif Muna.
  6214 | D:6      | Reached skill level 1 in Throwing
  6269 | D:6      | Became a worshipper of Sif Muna the Loreminder
  6558 | D:7      | Reached skill level 1 in Invocations
  6722 | D:7      | Reached XP level 9. HP: 48/52 MP: 25/25
  6845 | D:7      | Found a staircase to the Ecumenical Temple.
  6859 | D:7      | Found a runed translucent door.
  6860 | D:7      | Noticed Crazy Yiuf
  6892 | D:7      | Found a runed translucent door.
  6893 | D:7      | Noticed Opifex's ghost (novice DrCK)
  7135 | D:7      | Noticed Joseph
  7158 | D:7      | Killed Joseph
  7159 | D:7      | Reached skill level 5 in Invocations
  7159 | D:7      | Reached skill level 1 in Translocations
  7672 | D:7      | Found a radiant altar of Vehumet.
  7672 | D:7      | Found a burning altar of Makhleb.
  7693 | D:7      | Reached * piety under Sif Muna
  7887 | D:8      | Noticed a two-headed ogre
  8066 | D:7      | Killed a two-headed ogre
  8147 | D:8      | Noticed a cyan ugly thing
  8189 | D:8      | Killed a cyan ugly thing
  8190 | D:8      | Reached XP level 10. HP: 47/56 MP: 26/26
  8201 | D:8      | Found Ompifrey's Magic Scroll Shop.
  8236 | D:8      | Found a runed translucent door.
  8405 | D:8      | Found a sacrificial altar of Ru.
  8505 | D:8      | Found Zyistripo's Magic Scroll Boutique.
  8518 | D:8      | Bought a scroll of blinking for 75 gold pieces
  8554 | D:8      | Reached skill level 10 in Conjurations
  8730 | D:8      | Noticed a boulder beetle
  8744 | D:8      | Killed a boulder beetle
  8745 | D:8      | Reached skill level 5 in Fighting
  8911 | D:8      | Found a white marble altar of Elyvilon.
  9635 | D:8      | Reached ** piety under Sif Muna
 10040 | D:8      | Hit by a stone thrown by a gnoll sergeant

Illustrated notes

Levels and vault maps discovered:
D:1:      dpeg_arrival_tiny_j, layout_loops_ring, minivault_19
D:2:      layout_basic, hellmonk_ecumenical_altar_run_dry,
          minmay_misc_feat_secret_circle, kennysheep_generic_room_13
D:3:      layout_basic, nemelex_xobeh_ov_fountains_minmay, uniq_terence
D:4:      layout_basic, mainiacjoe_overflow_six_doors_small,
          lemuel_mausoleum_altar_yredelemnul
D:5:      layout_rooms, mainiacjoe_overflow_alcove_1
D:6:      layout_basic, mainiacjoe_overflow_tiny_flanked, gammafunk_ghost_smash
D:7:      layout_loops_ring, grunt_temple_overflow_lords_of_destruction,
          minmay_temple_entry_hall, gammafunk_ghost_grave,
          uniq_crazy_yiuf_cottage, uniq_joseph
D:8:      layout_cave_pools, lemuel_coloured_pillars_altar,
          mainiacjoe_overflow_24_doors, gammafunk_temple_overflow_elements,
          nicolae_overflow_crystal_walls, serial_gnoll_camp,
          gnoll_camp_mini_shop, gnoll_camp_medium_02, gnoll_camp_mini_hut,
          gnoll_camp_medium_01, gnoll_camp_mini_doghouse, serial_shops, shop,
          gammafunk_ghost_grave, nicolae_shop_fire_sale
          [nicolae_sub_dead_trees], minmay_tree_intersection, dk_noncrumbling_3,
          hangedman_minor_gate_pass

Skill      XL: |  1  2  3  4  5  6  7  8  9 10 |
---------------+-------------------------------+-----
Fighting       | 3 4 6 |  6.0
Short Blades   | 3 |  3.0
Spellcasting   | 3 4 6 10 | 10.0
Conjurations   | 1 2 3 4 6 9 10 | 10.0
Evocations     | 2 4 |  4.4
Dodging        | 3 |  3.0
Throwing       | 2 |  2.0
Invocations    | 2 5 |  5.0
Translocations | 2 |  2.0
Stealth        | |  6.0

Action                     |  1- 3 |  4- 6 |  7- 9 | 10-12 || total
---------------------------+-------+-------+-------+-------++-------
  Melee: Short sword       |    57 |   338 |   364 |   250 ||  1009
         Punch             |       |     4 |     7 |     3 ||    14
  Throw: Javelin           |       |     1 |     2 |       ||     3
         Dart              |       |       |    14 |    21 ||    35
  Evoke: Wand              |       |     2 |    10 |     1 ||    13
    Use: Scroll            |       |     7 |     7 |     3 ||    17
         Potion            |       |       |     4 |     1 ||     5
   Stab: Sleeping          |     1 |    14 |    15 |     4 ||    34
 Armour: Leather armour    |    18 |    79 |   108 |       ||   205
         Robe              |       |       |    29 |   116 ||   145
  Dodge: Dodged            |    46 |   257 |   343 |   290 ||   936

Table legend: (Time is in decaauts)
 A = Elapsed time spent in this place.
 B = Non-inter-level travel time spent in this place.
 C = Inter-level travel time spent in this place.
 D = Time resting spent in this place.
 E = Time spent auto-exploring this place.
 F = Levels seen in this place.
 G = Mean time per level.
                   A        B        C        D        E       F      G
               +--------+--------+--------+--------+--------+-----+--------+
         Total |   9918 |   9704 |    214 |   2987 |   3843 |   8 | 1239.8 |
       Dungeon |   9918 |   9704 |    214 |   2987 |   3843 |   8 | 1239.8 |
               +--------+--------+--------+--------+--------+-----+--------+

Top non-repeatable levels by time:
     D:7: 1849 daAuts
     D:8: 1787 daAuts
     D:6: 1247 daAuts
     D:3: 1215 daAuts
     D:2: 1163 daAuts
     D:5: 978 daAuts
     D:4: 957 daAuts
     D:1: 717 daAuts
